 Dungeon Crawl Stone Soup version 0.25-a0-110-ge29c8f2358 (console) character file.

Game seed: 17473423724784139922, levelgen mode: deterministic

68 Kagalorn the Slasher (level 4, 0/29 HPs)
             Began as a Halfling Warper on Nov 20, 2019.
             Killed from afar by Natasha (8 damage)
             ... with a magic dart
             ... on level 2 of the Dungeon.
             The game lasted 00:05:17 (1672 turns).

Kagalorn the Slasher (Halfling Warper)              Turns: 1672, Time: 00:05:18

Health: 0/29       AC:  3    Str: 12    XL:     4   Next: 41%
Magic:  2/6        EV: 14    Int: 12    God:
Gold:   64         SH:  0    Dex: 13    Spells: 2/6 levels left

rFire    . . .     SeeInvis .   a - +0 falchion
rCold    . . .     Gourm    .   (shield restricted)
rNeg     . . .     Faith    .   b - +0 leather armour
rPois    .         Spirit   .   (no helmet)
rElec    .         Reflect  .   (no cloak)
rCorr    .         Harm     .   (no gloves)
MR       .....                  (no boots)
Stlth    +.........             (no amulet)
HPRegen  0.09/turn              (no ring)
MPRegen  0.10/turn              (no ring)

@: shrouded, very slightly contaminated
A: small, mutation resistance 1
a: no special abilities


You were on level 2 of the Dungeon.
You were hungry.

You visited 1 branch of the dungeon, and saw 2 of its levels.

You collected 64 gold pieces.

Inventory:

Hand Weapons
 a - a +0 falchion (weapon)
Missiles
 c - 33 stones
 e - 5 boomerangs of dispersal (quivered)
Armour
 b - a +0 leather armour (worn)
Jewellery
 i - an uncursed ring of ice {unknown}
Scrolls
 d - a scroll of blinking
 g - 7 scrolls of identify {unknown}
 h - a scroll of enchant weapon {unknown}
 j - a scroll of teleportation {unknown}
 l - a scroll of amnesia {unknown}
 m - a scroll of fear {unknown}
Potions
 k - 2 potions of lignification {unknown}
Comestibles
 f - 4 rations


   Skills:
 - Level 1.7 Fighting
 * Level 3.8 Long Blades
 - Level 1.0 Throwing
 - Level 1.1 Armour
 - Level 2.1 Dodging
 - Level 1.5 Spellcasting
 * Level 1.0 Charms
 * Level 3.7 Translocations


You had 2 spell levels left.
You knew the following spells:

 Your Spells              Type           Power        Failure   Level  Hunger
a - Blink                 Tloc           N/A          12%         2    ###....
b - Shroud of Golubria    Chrm/Tloc      #.....       21%         2    ###....

Your spell library contained the following spells:

 Spells                   Type           Power        Failure   Level  Hunger
 Gell's Gravitas          Tloc           #.........   24%         3    ####...
 Lesser Beckoning         Tloc           #.........   24%         3    ####...
 Teleport Other           Tloc           #.......     24%         3    ####...
 Passage of Golubria      Tloc           N/A          61%         4    #####..


Dungeon Overview and Level Annotations

Branches:
Dungeon (2/15)

Altars:
Ashenzari
Kikubaaqudgha

Annotations:
D:2 Natasha, Sigmund


Innate Abilities, Weirdness & Mutations

You are small and have problems with some larger weapons.
You are somewhat resistant to further mutation.


Message History

Natasha closely misses you.
You barely miss Natasha.
Natasha mumbles some strange words.
You hit Natasha.
Natasha is moderately wounded.
Natasha stares at you and mumbles some strange words.
The magic dart hits you! The crimson imp hits you.
* * * LOW HITPOINT WARNING * * *
You hit Natasha.
Natasha is severely wounded.
The ball python bites you but does no damage.
The ball python closely misses you. Natasha claws you but does no damage.
The crimson imp closely misses you.
You closely miss Natasha.
Natasha is severely wounded.
Your shroud bends the ball python's attack away.
The ball python barely misses you. Natasha casts a spell at you.
The magic dart hits you!
You die...

#.#.# #...≈≈≈≈≈..#.# #.### #.#.
#.#.## #...≈≈≈..≈.#.# #...##.##
#.w..###..⌠....._.#.# #.#..)## ##
#...........##...)#.# #.####.###.
##...####..########.###.#.....#..
##.....................#.####.#.
##########.###..####### #.#. .#
#.## #.#. .# #@# #... .#.5Sh.#
###. ....#.#.... #.
#.#####.###### #. #.# #. #.# #.
#[# #. ..# #< #.


You could see Natasha, a crimson imp and a ball python.

Vanquished Creatures
  3 adders (D:2)
  A leopard gecko (D:2)
  3 giant cockroaches
  3 goblins (D:1)
  7 hobgoblins (D:1)
  3 jackals (D:2)
  2 quokkas
  8 bats
  2 frilled lizards
  3 kobolds (D:1)
  4 rats
39 creatures vanquished.

Notes
Turn   | Place    | Note
-------+----------+-------------------------------------------
     0 | D:1      | Kagalorn the Halfling Warper began the quest for the Orb.
     0 | D:1      | Reached XP level 1. HP: 14/14 MP: 3/3
    79 | D:1      | Reached XP level 2. HP: 16/19 MP: 4/4
    98 | D:1      | Learned a level 2 spell: Blink
   101 | D:1      | Learned a level 2 spell: Shroud of Golubria
   295 | D:1      | Reached XP level 3. HP: 7/24 MP: 5/5
   929 | D:2      | Reached XP level 4. HP: 9/29 MP: 3/6
   933 | D:2      | Reached skill level 1 in Charms
  1161 | D:2      | Found an ancient bone altar of Kikubaaqudgha.
  1300 | D:2      | Noticed Sigmund
  1663 | D:2      | Found a shattered altar of Ashenzari.
  1664 | D:2      | Noticed Natasha
  1672 | D:2      | Killed from afar by Natasha

Levels and vault maps discovered:
D:1:      lemuel_arrival_lava_pool, layout_loops_ring
D:2:      layout_loops_ring, ashenzari_altar_1, kiku_gazebo_pond_becter,
          uniq_sigmund, uniq_natasha

Skill      XL: |  1  2  3  4 |
---------------+-------------+-----
Long Blades    | 3 |  3.8
Charms         | 1 |  1.0
Fighting       | |  1.7
Throwing       | |  1.0
Armour         | |  1.1
Dodging        | |  2.1
Spellcasting   | |  1.5
Translocations | |  3.7

Action                   |  1- 3 |  4- 6 || total
-------------------------+-------+-------++-------
Melee: Falchion          |   122 |    35 ||   157
 Cast: Shroud of Golubri |     4 |     6 ||    10
       Blink             |     1 |       ||     1
  Eat: Chunk             |     1 |     2 ||     3
Armor: Leather armour    |    40 |     9 ||    49
Dodge: Dodged            |   105 |    29 ||   134
       Rpst.: Falchion   |    34 |     8 ||    42

Table legend:
 A = Non-vault XP
 B = Vault XP
 C = Vault XP percentage of total XP
 D = Non-vault monster count
 E = Vault monster count
 F = Vault count percentage of total count
                 A         B        C        D         E       F
            +---------+---------+-------+---------+---------+-------
      Total |      98 |       0 |   0.0 |      39 |       0 |   0.0
            +---------+---------+-------+---------+---------+-------
        D:1 |      41 |       0 |   0.0 |      27 |       0 |   0.0
        D:2 |      57 |       0 |   0.0 |      12 |       0 |   0.0
            +---------+---------+-------+---------+---------+-------
